 Dungeon Crawl Stone Soup version 0.29.1-1-gd02db6906a (webtiles) character file.

Game seed: 8416391276895604788

54 hikkokomori the Shield-Bearer (level 3, -5/24 HPs)
             Began as a Gargoyle Fighter on Oct 6, 2022.
             Slain by an orc
             ... wielding a +0 scimitar
              (9 damage)
             ... on level 3 of the Dungeon.
             The game lasted 00:02:53 (1942 turns).

hikkokomori the Shield-Bearer (Gargoyle Fighter)    Turns: 1942, Time: 00:02:53

Health: -5/24      AC: 10    Str: 19    XL:     3   Next: 91%
Magic:  3/3        EV:  9    Int: 10    God:
Gold:   70         SH:  5    Dex: 15    Spells: 2/2 levels left

rFire   . . .      SeeInvis .   a - +0 flail
rCold   . . .      Faith    .   c - +0 buckler
rNeg    + . .      Spirit   .   b - +0 scale mail
rPois   ∞          Reflect  .   (no helmet)
rElec   +          Harm     .   (no cloak)
rCorr   .          Rampage  .   (no gloves)
Will    .....                   (no boots)
Stlth   ..........              (no amulet)
HPRegen 0.08/turn               e - +6 ring of dexterity
MPRegen 0.08/turn               (no ring)

@: mighty
A: sickness immunity, AC +3, negative energy resistance 1, electricity
resistance, torment resistance 1, petrification resistance
a: no special abilities


You were on level 3 of the Dungeon.
You visited 1 branch of the dungeon, and saw 3 of its levels.

You collected 70 gold pieces.

Inventory:

Hand Weapons
 a - a +0 flail (weapon)
Armour
 b - a +0 scale mail (worn)
 c - a +0 buckler (worn)
Jewellery
 e - a +6 ring of dexterity (left hand)
 k - the amulet of the Air {Inacc Air Fly rElec RMsl}
   (You found it on level 2 of the Dungeon)

   [amulet of nothing]

   It reduces the accuracy of all your attacks.
   It enhances your air magic.
   rElec:     It insulates you from electricity.
   Fly:       It grants you flight.
   RMsl:      It protects you from missiles.
 m - a ring of resist corrosion
Scrolls
 g - a scroll of magic mapping {unknown}
 i - 2 scrolls of identify {unknown}
 j - a scroll of teleportation {unknown}
 l - a scroll of fear {unknown}
 n - a scroll of blinking {unknown}
Potions
 f - a potion of mutation {unknown}
 h - a potion of brilliance {unknown}


   Skills:
 + Level 3.8 Fighting
 + Level 2.6 Maces & Flails
 + Level 3.7 Armour
 + Level 3.9 Shields


You had 2 spell levels left.
You didn't know any spells.
Your spell library was empty.

Dungeon Overview and Level Annotations

Branches:
Dungeon (3/15)

Altars:


Innate Abilities, Weirdness & Mutations

You are immune to sickness and miasma.
Your stone body is resilient. (AC +3)
You are immune to poison.
You resist negative energy. (rN+)
You are resistant to electric shocks. (rElec)
You are resistant to unholy torment.
You are immune to petrification.


Message History

HP restored.
Key pressed, stopping explore.
Things that are here:
a +0 club; an orc corpse
Things that are here:
a +0 dagger; 5 poisoned darts You open the door.
An orc comes into view. It is wielding a +0 scimitar.
There is an open door here.
An orc is nearby!
The orc shouts!
You hear an angry hiss.
The orc drinks a potion.
The orc flickers and vanishes!
Deactivating autopickup; reactivate with Ctrl-A.
No target in view!
No target in view!
No target in view!
No target in view!
No target in view!
No target in view!
No target in view!
No target in view!
No target in view!
No target in view!
No target in view!
No target in view!
No target in view!
No target in view!
Something hits you.
You hit something. Something hits you!
You closely miss something. You block something's attack.
You closely miss something. You block something's attack.
You feel very mighty all of a sudden.
An adder comes into view.
Something hits you but does no damage.
You closely miss something.
The adder hisses angrily.
Something hits you. x2
* * * LOW HITPOINT WARNING * * *
You barely miss something. Something hits you!
You die...

### #######.#
........# #
#######'###
#.#...†)....#
#.....#.....#
#.S.{@......#
#.(.........#
#.'...........########
#.#.......#+##)..)...#
# ####+#..# #.......#
#..# #)....... ##.#
#........ ###
#........ .........


You could see an adder.

Vanquished Creatures
  An adder (D:2)
  3 dart slugs
  2 orcs (D:3)
  3 ball pythons
  2 endoplasms (D:3)
  A giant cockroach (D:1)
  2 goblins (D:2)
  6 hobgoblins
  A quokka (D:2)
  2 bats
  3 frilled lizards
  6 kobolds
  4 rats
36 creatures vanquished.

Notes
Turn   | Place    | Note
-------+----------+-------------------------------------------
     0 | D:1      | hikkokomori the Gargoyle Fighter began the quest for the
                  | Orb.
     0 | D:1      | Reached XP level 1. HP: 14/14 MP: 1/1
   154 | D:1      | Reached XP level 2. HP: 15/19 MP: 2/2
   348 | D:1      | Found a faded altar of an unknown god.
   784 | D:2      | Found the amulet of the Air {Inacc Air Fly rElec RMsl}
  1023 | D:2      | Reached XP level 3. HP: 23/23 MP: 3/3
  1942 | D:3      | Slain by an orc

Illustrated notes

Levels and vault maps discovered:
D:1:      scummos_arrival_hexagon, layout_basic,
          shapermc_ecumenical_altar_mp_vishouse
D:2:      layout_basic, serial_park_tiny_1
D:3:      layout_basic, serial_shops, shop, shop, gammafunk_ghost_smash

Action                   || total
-------------------------++-------
Melee: Flail             ||   107
  Use: Potion            ||     1
Armor: Scale mail        ||    51
Dodge: Dodged            ||    47
Block: Buckler           ||    20
